 Dungeon Sprint DCSS version 0.29-a0-993-g4a18f31a58 (webtiles) character file.

Game seed: 14061794106428416801

97 Hubris850 the Changer (level 4, 0/48 HPs)
             Began as a Merfolk Transmuter on Aug 2, 2022.
             Was a Believer of Makhleb.
             Slain by a fire bat (3 damage)
             ... in the Dungeon (Sprint VII: "The Pits").
             The game lasted 00:02:17 (388 turns).

Hubris850 the Changer (Merfolk Transmuter)           Turns: 388, Time: 00:02:18

Health: 0/48       AC:  2    Str: 10    XL:     4   Next: 68%
Magic:  8/10       EV: 13    Int: 14    God:    Makhleb [**....]
Gold:   0          SH:  0    Dex: 14    Spells: 1/11 levels left

rFire   . . .      SeeInvis .     - Unarmed
rCold   . . .      Faith    .   (no shield)
rNeg    . . .      Spirit   .   a - +0 robe
rPois   .          Reflect  .   (helmet currently unavailable)
rElec   .          Harm     .   (no cloak)
rCorr   .          Rampage  .   (no gloves)
Will    .....      NoTele   +   (boots currently unavailable)
Stlth   ..........              (no amulet)
HPRegen 0.16/turn               (no ring)
MPRegen 0.12/turn               (no ring)

@: berserking, appendages, wereblooded, very quick
A: horns 2, (nimble swimmer 2), mertail
a: End Transformation, Renounce Religion, Minor Destruction


You were in the Dungeon.
You worshipped Makhleb.
Makhleb was pleased with you.
You had temporarily grown beastly horns.
You visited 1 branch

Inventory:

Hand Weapons
 l - a +2 trident
 m - a +0 long sword of flaming
Armour
 a - a +0 robe (worn)
Scrolls
 h - a scroll of blinking
 j - 5 scrolls of amnesia
 k - a scroll of summoning
Potions
 b - a potion of lignification
 c - 6 potions of curing
 d - 6 potions of heal wounds
 e - a potion of haste
 f - 4 potions of magic
 g - a potion of berserk rage
 i - 2 potions of invisibility


   Skills:
 - Level 1.1 Fighting
 - Level 4.0 Dodging
 - Level 5.7 Unarmed Combat
 - Level 4.3 Spellcasting
 + Level 6.2 Transmutations
 + Level 0.0 Ice Magic
 - Level 4.2 Invocations


You had one spell level left.
You knew the following spells:

 Your Spells              Type           Power      Damage    Failure   Level
a - Beastly Appendage     Tmut           40%        N/A       1%          1
b - Wereblood             Tmut           20%        N/A       2%          2
c - Spider Form           Tmut/Pois      11%        N/A       16%         3
d - Ice Form              Ice/Tmut       11%        N/A       45%         4

Your spell library contained the following spells:

 Spells                   Type           Power      Damage    Failure   Level


Dungeon Overview and Level Annotations

Branches:
Dungeon (1/1)

Altars:
Ashenzari
Cheibriados
Dithmenos
Elyvilon
Fedhas
Gozag
Hepliaklqana
Kikubaaqudgha
Makhleb
Nemelex Xobeh
Okawaru
Qazlal
Ru
Sif Muna
Trog
Uskayaw
Vehumet
Wu Jian
Xom
Yredelemnul
Zin
The Shining One
Jiyva
Lugonu


Innate Abilities, Weirdness & Mutations

You have temporarily grown beastly horns.
((You are very nimble when in or above water. (Stealth+, EV+, Speed+++)))
Your lower body shifts to a powerful aquatic tail in water.


Message History

Found nine items.
There is an open door here.
c - 6 potions of curing (gained 5)
d - 6 potions of heal wounds (gained 5)
You see here a +0 long sword of flaming.
m - a +0 long sword of flaming You see here a +0 vorpal hand axe.
You see here a +0 vorpal trident.
You see here a +3 scale mail.
You see here a +3 scale mail.
You see here a +2 quarterstaff of protection.
You see here a +2 mace of protection.
You see here a +0 dagger of venom.
There is an open door here.
There is an open door, spattered with blood here.
You see here a +0 flail.
There is an open door here.
There is an open door here.
You open the door.
There is an open door here.
Casting: Wereblood (safe; 2% risk of failure)
Confirm with . or Enter, or press ? or * to list all spells.
You grow a pair of large bovine horns.
Casting: Beastly Appendage (safe; 1% risk of failure)
Confirm with . or Enter, or press ? or * to list all spells.
You don't know that spell.
Casting: Beastly Appendage (safe; 1% risk of failure)
Confirm with . or Enter, or press ? or * to list all spells.
Your blood is infused with primal strength.
You open the door.
A fire bat and 2 jackals come into view.
The fire bat bites you.
You are engulfed in flames!
You hit the fire bat but do no damage. You headbutt the fire bat.
The fire bat is lightly wounded.
The fire bat bites you.
You are engulfed in flames!
The fire bat bites you.
You are engulfed in flames!
* * * LOW HITPOINT WARNING * * *
A red film seems to cover your vision as you go berserk!
You feel yourself moving faster!
You feel mighty! The fire bat bites you.
You die...

##########.##.....
#.........รท.'.....
#'#####'#####.....
#.#.....#[[##.....
#.#.....#))#####'#
#.###'###))##.....
#.#.....#).##.....
#.#.....#..##.....
#@####)##'###...<.
#b#........##.....
#h#........##.....
#'###########.....
#.. ###### #...
#...# #.##. #h. #.


You could see a fire bat and a jackal.

Vanquished Creatures
  A scorpion (D)
  A mummy (D)
  A gnoll (D)
  A river rat (D)
  2 adder skeletons (D)
  2 ball pythons (D)
  A frilled lizard (D)
9 creatures vanquished.

Notes
Turn   | Place    | Note
-------+----------+-------------------------------------------
     0 | D        | Hubris850 the Merfolk Transmuter began the quest for the
                  | Orb.
     0 | D        | Reached XP level 1. HP: 15/15 MP: 3/3
    14 | D        | Reached skill level 3 in Transmutations
    37 | D        | Found a glowing golden altar of the Shining One.
    37 | D        | Found a glowing silver altar of Zin.
    37 | D        | Found a basalt altar of Yredelemnul.
    37 | D        | Found a shimmering altar of Xom.
    37 | D        | Found an ornate altar of the Wu Jian Council.
    37 | D        | Found a bloodstained altar of Trog.
    37 | D        | Found a shimmering blue altar of Sif Muna.
    37 | D        | Found a sacrificial altar of Ru.
    37 | D        | Found a stormy altar of Qazlal.
    37 | D        | Found an iron altar of Okawaru.
    37 | D        | Found a sparkling altar of Nemelex Xobeh.
    37 | D        | Found a burning altar of Makhleb.
    37 | D        | Found a viscous altar of Jiyva.
    37 | D        | Found a hazy altar of Hepliaklqana.
    37 | D        | Found an opulent altar of Gozag.
    37 | D        | Found a blossoming altar of Fedhas.
    37 | D        | Found a white marble altar of Elyvilon.
    37 | D        | Found a shadowy altar of Dithmenos.
    37 | D        | Found a snail-covered altar of Cheibriados.
    38 | D        | Found a radiant altar of Vehumet.
    38 | D        | Found a corrupted altar of Lugonu.
    41 | D        | Found a broken altar of Ashenzari.
    41 | D        | Found an ancient bone altar of Kikubaaqudgha.
    41 | D        | Found a hide-covered altar of Uskayaw.
    48 | D        | Became a worshipper of Makhleb the Destroyer
    67 | D        | Reached skill level 1 in Invocations
    67 | D        | Reached XP level 2. HP: 20/21 MP: 2/5
    98 | D        | Learned a level 2 spell: Wereblood
   106 | D        | Reached * piety under Makhleb
   111 | D        | Reached skill level 4 in Transmutations
   114 | D        | Noticed a scorpion
   120 | D        | Reached XP level 3. HP: 23/26 MP: 3/7
   126 | D        | Killed a scorpion
   126 | D        | Reached ** piety under Makhleb
   127 | D        | Reached skill level 5 in Unarmed Combat
   127 | D        | Reached skill level 5 in Transmutations
   127 | D        | Reached XP level 4. HP: 32/32 MP: 5/10
   130 | D        | Reached skill level 6 in Transmutations
   332 | D        | Learned a level 3 spell: Spider Form
   337 | D        | Learned a level 4 spell: Ice Form
   383 | D        | Noticed a fire bat
   388 | D        | Slain by a fire bat

Illustrated notes

Levels and vault maps discovered:
D:        pitsprint [storerooms_1, entrance_room_1, metal_vault_6, armoury_1,
          mini_pit_1, grid_room_1, main_hall_1, silver_pit, the_coven_1,
          the_vestibule_1, steel_vault_3, golden_pit, hallway_of_sentries,
          crystal_vault_2, iron_vault_4, final_vault]

Skill      XL: |  1  2  3  4 |
---------------+-------------+-----
Transmutations | 3 4 5 6 |  6.2
Dodging        | 3 4 |  4.0
Unarmed Combat | 4 5 |  5.7
Invocations    | 1 2 3 4 |  4.2
Spellcasting   | 3 4 |  4.3
Fighting       | |  1.1

Action                   |  1- 3 |  4- 6 || total
-------------------------+-------+-------++-------
Melee: Unarmed           |    23 |     5 ||    28
       Headbutt          |     3 |     1 ||     4
 Cast: Beastly Appendage |     3 |     1 ||     4
       Wereblood         |     1 |     1 ||     2
  Use: Potion            |     1 |     1 ||     2
Dodge: Dodged            |    19 |     2 ||    21

Table legend: (Time is in decaauts)
 A = Elapsed time spent in this place.
 B = Non-inter-level travel time spent in this place.
 C = Inter-level travel time spent in this place.
 D = Time resting spent in this place.
 E = Time spent auto-exploring this place.
 F = Levels seen in this place.
 G = Mean time per level.
                   A        B        C        D        E       F      G
               +--------+--------+--------+--------+--------+-----+--------+
         Total |    396 |    396 |      0 |    233 |      0 |   1 |  396.0 |
       Dungeon |    396 |    396 |      0 |    233 |      0 |   1 |  396.0 |
               +--------+--------+--------+--------+--------+-----+--------+

Top non-repeatable levels by time:
       D: 396 daAuts
